 Dungeon Crawl Stone Soup version 0.26-a0-682-g294304f6e8 (webtiles) character file.

Game seed: 18079480978204852126

34 somkeydreadnuts the Skirmisher (level 3, -2/24 HPs)
             Began as a Gargoyle Fighter on Oct 21, 2020.
             Slain by Sigmund
             ... wielding a cursed -2 scythe
              (7 damage)
             ... on level 2 of the Dungeon.
             The game lasted 00:02:41 (778 turns).

somkeydreadnuts the Skirmisher (Gargoyle Fighter)    Turns: 778, Time: 00:02:42

Health: -2/24      AC: 10    Str: 20    XL:     3   Next: 31%
Magic:  3/3        EV:  7    Int:  8    God:
Gold:   28         SH:  9    Dex:  9    Spells: 2/2 levels left

rFire    . . .     SeeInvis .   a - +0 war axe
rCold    . . .     Faith    .   c - +0 kite shield
rNeg     + . .     Spirit   .   b - +0 scale mail
rPois    ∞         Reflect  .   (no helmet)
rElec    +         Harm     .   (no cloak)
rCorr    .         Rampage  .   (no gloves)
MR       .....                  (no boots)
Stlth    ..........             (no amulet)
HPRegen  0.08/turn              (no ring)
MPRegen  0.08/turn              (no ring)

@: no status effects
A: negative energy resistance 1, electricity resistance, unbreathing,
petrification resistance, rot immunity, AC +3
a: no special abilities


You were on level 2 of the Dungeon.
You visited 1 branch of the dungeon, and saw 2 of its levels.

You collected 28 gold pieces.

Inventory:

Hand Weapons
 a - a +0 war axe (weapon)
Armour
 b - a +0 scale mail (worn)
 c - a +0 kite shield (worn)
Scrolls
 g - 3 scrolls of enchant armour {unknown}
 h - a scroll of identify {unknown}
 j - a scroll of enchant weapon {unknown}
 k - 2 scrolls of immolation {unknown}
 l - a scroll of random uselessness {unknown}
Potions
 d - a potion of might
 e - a potion of brilliance {unknown}
 f - a potion of curing {unknown}
 i - a potion of heal wounds {unknown}
 m - a potion of haste {unknown}


   Skills:
 + Level 3.7 Fighting
 + Level 2.2 Axes
 - Level 3.6 Armour
 - Level 3.6 Shields


You had 2 spell levels left.
You didn't know any spells.
Your spell library was empty.

Dungeon Overview and Level Annotations

Branches:
Dungeon (2/15)

Altars:

Annotations:
D:2 Sigmund


Innate Abilities, Weirdness & Mutations

You are resistant to torment.
Your stone body is resilient. (AC +3)
You are immune to poison.
You resist negative energy. (rN+)
You are resistant to electric shocks. (rElec)
You can survive without breathing.
You are immune to petrification.
You are immune to rotting.


Message History

You barely miss the kobold. The kobold barely misses you. Something hits you.
You block the kobold's attack.
You hit the kobold.
The kobold is moderately wounded.
The kobold hits you but does no damage. Something hits you.
You closely miss the kobold.
The kobold is moderately wounded.
The kobold hits you. Something hits you but does no damage.
The kobold hits you.
You barely miss the kobold.
The kobold is moderately wounded.
The kobold hits you but does no damage. Something hits you but does no damage.
You slash the kobold!
You kill the kobold!
Something hits you but does no damage. Something hits you!
* * * LOW HITPOINT WARNING * * *
You see here a kobold corpse.
You barely miss something. Something hits you!
You die...

## .# #...# #.#.# #. ..
######.#.# #.# ..
...$...#.# #.# ..
.......#.# #.###.#
.........# #.....#
.......<.######## #....##
#######...{@....#####.#...#
##..#####........##.##
##.## #.............
#..####.######.....#
##...†.........#####
##.############ ...# ..####
#..


There were no monsters in sight!

Vanquished Creatures
  A dart slug (D:1)
  2 leopard geckos
  A giant cockroach (D:1)
  4 goblins (D:1)
  7 hobgoblins (D:1)
  3 kobolds
  5 bats
  A frilled lizard (D:1)
  2 rats (D:1)
26 creatures vanquished.

Notes
Turn   | Place    | Note
-------+----------+-------------------------------------------
     0 | D:1      | somkeydreadnuts the Gargoyle Fighter began the quest for
                  | the Orb.
     0 | D:1      | Reached XP level 1. HP: 14/14 MP: 1/1
   217 | D:1      | Reached XP level 2. HP: 19/19 MP: 2/2
   410 | D:1      | Reached XP level 3. HP: 24/24 MP: 3/3
   759 | D:2      | Noticed Sigmund
   778 | D:2      | Slain by Sigmund

Illustrated notes

Levels and vault maps discovered:
D:1:      minmay_arrival_solitary_statue, layout_rooms
D:2:      layout_rooms, uniq_robin, uniq_sigmund

Skill      XL: |  1  2 |
---------------+-------+-----
Axes           | 2 |  2.2
Fighting       | |  3.7
Armour         | |  3.6
Shields        | |  3.6

Action                   || total
-------------------------++-------
Melee: War axe           ||    74
Armor: Scale mail        ||    60
Dodge: Dodged            ||    30
Block: Kite shield       ||    59

Table legend: (Time is in decaauts)
 A = Elapsed time spent in this place.
 B = Non-inter-level travel time spent in this place.
 C = Inter-level travel time spent in this place.
 D = Time resting spent in this place.
 E = Time spent auto-exploring this place.
 F = Levels seen in this place.
 G = Mean time per level.
                   A        B        C        D        E       F      G
               +--------+--------+--------+--------+--------+-----+--------+
         Total |    812 |    764 |     48 |      0 |    421 |   2 |  406.0 |
       Dungeon |    812 |    764 |     48 |      0 |    421 |   2 |  406.0 |
               +--------+--------+--------+--------+--------+-----+--------+

Top non-repeatable levels by time:
     D:1: 723 daAuts
     D:2: 89 daAuts
